PAA
RICHLAND RAILS @ MYRTLE BEACH MERMEN
09/04/2021
 
TOP OF THE 1ST
Richland Rails batting - Pitching for Myrtle Beach Mermen : RHP Kenny Ryan
Pitching: RHP Kenny Ryan
Batting: LHB Eduardo Álvarez 0-0: Ball
1-0: Fly out, F9 (Flyball, 89M)
Batting: SHB Carlton Reed 0-0: Swinging Strike
0-1: Ball
1-1: Foul Ball, location: 2F
1-2: Ball
2-2: Foul Ball, location: 2F
2-2: Foul Ball, location: 2F
2-2: Ground out 4-3 (Groundball, 4)
Batting: RHB Miguel Vidro 0-0: Ball
1-0: Called Strike
1-1: Fly out, F9 (Flyball, 89M)
Top of the 1st over - 0 run(s), 0 hit(s), 0 error(s), 0 left on base; Richland 0 - Myrtle Beach 0
BOTTOM OF THE 1ST
Myrtle Beach Mermen batting - Pitching for Richland Rails : LHP Carlos Barajas
Pitching: LHP Carlos Barajas
Batting: RHB Scott Peterson 0-0: Called Strike
0-1: Called Strike
0-2: Ball
1-2: Fly out, F3 (Popup, 3F)
Batting: RHB Javier Robles 0-0: Swinging Strike
0-1: Fly out, F3 (Popup, 3F)
Batting: RHB Pedro González 0-0: Ball
1-0: Swinging Strike
1-1: Ground out 4-3 (Groundball, 34)
Bottom of the 1st over - 0 run(s), 0 hit(s), 0 error(s), 0 left on base; Richland 0 - Myrtle Beach 0
TOP OF THE 2ND
Richland Rails batting - Pitching for Myrtle Beach Mermen : RHP Kenny Ryan
Batting: RHB Gustavo Berrios 0-0: Ball
1-0: SINGLE (Line Drive, 89S)
Batting: RHB Jack Davis 0-0: Ball
Gustavo Berrios is caught stealing 2nd base
1-0: Ball
2-0: Foul Ball, location: 2F
2-1: Ball
3-1: Called Strike
3-2: Foul Ball, location: 2F
3-2: Foul Ball, location: 2F
3-2: SINGLE (Groundball, 56)
Batting: RHB Alexis Smeddon 0-0: Called Strike
0-1: Ball
1-1: Called Strike
1-2: Foul Ball, location: 2F
1-2: Ball
2-2: SINGLE (Groundball, 4MD)
Jack Davis to second
Batting: RHB Zach Lewis 0-0: Ball
1-0: Ball
2-0: Ball
3-0: Base on Balls
Jack Davis to third
Alexis Smeddon to second
Batting: LHB Roberto Madrid 0-0: SINGLE (Line Drive, 34)
Jack Davis scores
Alexis Smeddon to third
Zach Lewis to second
Runner from 3rd tries for Home, SAFE, no throw or cutoff
Batting: RHB Andrew Hall 0-0: Swinging Strike
0-1: Foul Ball, location: 2F
0-2: Ball
1-2: Ball
2-2: Foul Ball, location: 2F
2-2: Strikes out swinging
Batting: LHB Eduardo Álvarez 0-0: Ball
1-0: Foul Ball, location: 2F
1-1: Ball
2-1: Called Strike
2-2: Strikes out looking
Top of the 2nd over - 2 run(s), 4 hit(s), 0 error(s), 2 left on base; Richland 2 - Myrtle Beach 0
BOTTOM OF THE 2ND
Myrtle Beach Mermen batting - Pitching for Richland Rails : LHP Carlos Barajas
Batting: RHB Álex Rodríguez 0-0: Fly out, F8 (Flyball, 8RM)
Batting: RHB Kevin Tyler 0-0: SINGLE (Groundball, 34D)
Batting: RHB José Caballero 0-0: SINGLE (Groundball, 6MD)
Kevin Tyler to second
Runner from 2nd tries for 3rd, SAFE, throw made to third
Batting: RHB Mike Fleming 0-0: Ball
1-0: Ball
2-0: Reached on error, E6 (Groundball, 6)
Kevin Tyler scores
José Caballero to second
Batting: LHB Steven Johnstone 0-0: Ball
1-0: Swinging Strike
1-1: DOUBLE (Groundball, 5L)
José Caballero scores
Mike Fleming to third
Runner from 3rd tries for Home, SAFE, throw made home
Batting: SHB Val Brown 0-0: Called Strike
0-1: Ball
1-1: Swinging Strike
1-2: Ground out 4-3 (Groundball, 4M)
Steven Johnstone to third
Batting: RHB Scott Peterson 0-0: Foul Ball, location: 2F
0-1: Ball
1-1: Called Strike
1-2: Foul Ball, location: 2F
1-2: Ball
2-2: Ball
3-2: Foul Ball, location: 2F
3-2: SINGLE (Line Drive, 89S)
Steven Johnstone scores
Batting: RHB Javier Robles 0-0: Swinging Strike
0-1: SINGLE (Groundball, 56D)
Scott Peterson to second
Batting: RHB Pedro González 0-0: Called Strike
0-1: SINGLE (Line Drive, 6MD)
Scott Peterson to third
Javier Robles to second
Runner from 3rd tries for Home, SAFE, no throw or cutoff
Batting: RHB Álex Rodríguez 0-0: Called Strike
0-1: SINGLE (Groundball, 56D)
Javier Robles to third
Pedro González to second
Runner from 3rd tries for Home, SAFE, no throw or cutoff
Batting: RHB Kevin Tyler 0-0: SINGLE (Groundball, 3D)
Pedro González to third
Álex Rodríguez to second
Runner from 3rd tries for Home, SAFE, no throw or cutoff
Batting: RHB José Caballero 0-0: Ground out 6-3 (Groundball, 6)
Bottom of the 2nd over - 7 run(s), 8 hit(s), 1 error(s), 2 left on base; Richland 2 - Myrtle Beach 7
TOP OF THE 3RD
Richland Rails batting - Pitching for Myrtle Beach Mermen : RHP Kenny Ryan
Batting: SHB Carlton Reed 0-0: Ball
1-0: Called Strike
1-1: Ball
2-1: Ball
3-1: Base on Balls
Batting: RHB Miguel Vidro 0-0: Called Strike
0-1: Ball
1-1: SINGLE (Groundball, 56D)
Carlton Reed to second
Batting: RHB Gustavo Berrios 0-0: Ball
1-0: Grounds into double play, 5-4-3 (Groundball, 56)
Carlton Reed to third
Batting: RHB Jack Davis 0-0: Fly out, F8 (Flyball, 8RD)
Top of the 3rd over - 0 run(s), 1 hit(s), 0 error(s), 1 left on base; Richland 2 - Myrtle Beach 7
BOTTOM OF THE 3RD
Myrtle Beach Mermen batting - Pitching for Richland Rails : LHP Carlos Barajas
Batting: RHB Mike Fleming 0-0: Ball
1-0: SINGLE (Line Drive, 9S)
Batting: LHB Steven Johnstone 0-0: Called Strike
0-1: Ball
1-1: Ball
2-1: Swinging Strike
2-2: Foul Ball, location: 2F
2-2: Strikes out looking
Batting: SHB Val Brown 0-0: Ball
1-0: Ball
2-0: Fly out, F8 (Flyball, 89M)
Batting: RHB Scott Peterson 0-0: Called Strike
0-1: Ball
1-1: Foul Ball, location: 2F
1-2: DOUBLE (Flyball, 78XD)
Mike Fleming to third
Runner from 3rd tries for Home, SAFE, no throw or cutoff
Pitching: RHP Tim Gordon
Batting: RHB Javier Robles 0-0: Ball
1-0: Ball
2-0: Called Strike
2-1: Ground out 5-3 (Groundball, 56S)
Bottom of the 3rd over - 1 run(s), 2 hit(s), 0 error(s), 1 left on base; Richland 2 - Myrtle Beach 8
TOP OF THE 4TH
Richland Rails batting - Pitching for Myrtle Beach Mermen : RHP Kenny Ryan
Batting: RHB Alexis Smeddon 0-0: Ball
1-0: Called Strike
1-1: Ball
2-1: Ball
3-1: Base on Balls
Batting: RHB Zach Lewis 0-0: Fly out, F9 (Flyball, 9M)
Batting: LHB Roberto Madrid 0-0: Ball
1-0: Fly out, F4 (Popup, 4MD)
Batting: RHB Andrew Hall 0-0: Called Strike
0-1: Ball
1-1: SINGLE (Line Drive, 56D)
Alexis Smeddon to second
Batting: LHB Eduardo Álvarez 0-0: Ball
1-0: Foul Ball, location: 2F
1-1: Fielders Choice at 2nd, U6 (Groundball, 6M)
Top of the 4th over - 0 run(s), 1 hit(s), 0 error(s), 2 left on base; Richland 2 - Myrtle Beach 8
BOTTOM OF THE 4TH
Myrtle Beach Mermen batting - Pitching for Richland Rails : RHP Tim Gordon
Batting: RHB Pedro González 0-0: Ball
1-0: Ball
2-0: Ball
3-0: Called Strike
3-1: Swinging Strike
3-2: Strikes out swinging
Batting: RHB Álex Rodríguez 0-0: Called Strike
0-1: Ball
1-1: SINGLE (Line Drive, 6MD)
Batting: RHB Kevin Tyler 0-0: Ball
1-0: Ball
2-0: SINGLE (Groundball, 6)
Álex Rodríguez to second
Batting: RHB José Caballero 0-0: Grounds into double play, U5-3 (Groundball, 5L)
Bottom of the 4th over - 0 run(s), 2 hit(s), 0 error(s), 1 left on base; Richland 2 - Myrtle Beach 8
TOP OF THE 5TH
Richland Rails batting - Pitching for Myrtle Beach Mermen : RHP Kenny Ryan
Batting: SHB Carlton Reed 0-0: Ball
1-0: Ball
2-0: Ball
3-0: Called Strike
3-1: Base on Balls
Batting: RHB Miguel Vidro 0-0: Ball
1-0: Fly out, F1 (Line Drive, 13S)
Batting: RHB Gustavo Berrios 0-0: Foul Ball, location: 2F
0-1: Called Strike
0-2: Grounds into double play, 5-4-3 (Groundball, 5)
Top of the 5th over - 0 run(s), 0 hit(s), 0 error(s), 0 left on base; Richland 2 - Myrtle Beach 8
BOTTOM OF THE 5TH
Myrtle Beach Mermen batting - Pitching for Richland Rails : RHP Tim Gordon
Batting: RHB Mike Fleming 0-0: Fly out, F9 (Popup, 9S)
Batting: LHB Steven Johnstone 0-0: Ball
1-0: Swinging Strike
1-1: Ball
2-1: Ball
3-1: Base on Balls
Batting: SHB Val Brown 0-0: Ball
1-0: Ball
2-0: Foul Ball, location: 2F
2-1: Fly out, F4 (Popup, 4M)
Batting: RHB Scott Peterson 0-0: Called Strike
Steven Johnstone steals 2nd base
0-1: Ground out 6-3 (Groundball, 6)
Bottom of the 5th over - 0 run(s), 0 hit(s), 0 error(s), 1 left on base; Richland 2 - Myrtle Beach 8
TOP OF THE 6TH
Richland Rails batting - Pitching for Myrtle Beach Mermen : RHP Kenny Ryan
Batting: RHB Jack Davis 0-0: Called Strike
0-1: SINGLE (Groundball, 34)
Batting: RHB Alexis Smeddon 0-0: Ball
1-0: Called Strike
1-1: Ball
2-1: Ball
3-1: Fly out, F4 (Popup, 6MS)
Batting: RHB Zach Lewis 0-0: Ball
1-0: Swinging Strike
1-1: Ball
2-1: Ball
3-1: Foul Ball, location: 2F
3-2: Base on Balls
Jack Davis to second
Batting: LHB Roberto Madrid 0-0: Ball
1-0: Called Strike
1-1: Foul Ball, location: 2F
1-2: Foul Ball, location: 2F
1-2: Strikes out swinging
Batting: RHB Andrew Hall 0-0: Ball
1-0: Swinging Strike
1-1: Foul Ball, location: 2F
1-2: Foul Ball, location: 2F
1-2: Strikes out swinging
Top of the 6th over - 0 run(s), 1 hit(s), 0 error(s), 2 left on base; Richland 2 - Myrtle Beach 8
BOTTOM OF THE 6TH
Myrtle Beach Mermen batting - Pitching for Richland Rails : RHP Tim Gordon
Batting: RHB Javier Robles 0-0: Fly out, F8 (Flyball, 8LM)
Batting: RHB Pedro González 0-0: Ball
1-0: Ball
2-0: Called Strike
2-1: DOUBLE (Line Drive, 7D)
Pitching: LHP Joe Morris
Batting: RHB Álex Rodríguez 0-0: Ground out 6-3 (Groundball, 6)
Batting: RHB Kevin Tyler 0-0: Ball
1-0: Ball
2-0: Called Strike
2-1: Foul Ball, location: 2F
2-2: Strikes out swinging
Bottom of the 6th over - 0 run(s), 1 hit(s), 0 error(s), 1 left on base; Richland 2 - Myrtle Beach 8
TOP OF THE 7TH
Richland Rails batting - Pitching for Myrtle Beach Mermen : RHP Kenny Ryan
Batting: LHB Eduardo Álvarez 0-0: Ball
1-0: Ball
2-0: Fly out, F9 (Flyball, 89M)
Batting: SHB Carlton Reed 0-0: Fly out, F1 (Popup, 13S)
Batting: RHB Miguel Vidro 0-0: Called Strike
0-1: Ball
1-1: Ball
2-1: Fly out, F8 (Flyball, 8LS)
Top of the 7th over - 0 run(s), 0 hit(s), 0 error(s), 0 left on base; Richland 2 - Myrtle Beach 8
BOTTOM OF THE 7TH
Myrtle Beach Mermen batting - Pitching for Richland Rails : LHP Joe Morris
Batting: RHB José Caballero 0-0: Ball
1-0: Ground out 5-3 (Groundball, 5L)
Batting: RHB Mike Fleming 0-0: Ball
1-0: Ball
2-0: Foul Ball, location: 2F
2-1: Swinging Strike
2-2: Ball
3-2: Base on Balls
Batting: LHB Steven Johnstone 0-0: Ball
1-0: Ball
2-0: Called Strike
2-1: Swinging Strike
2-2: Ball
3-2: Grounds into double play, 1-6-3 (Groundball, 13)
Bottom of the 7th over - 0 run(s), 0 hit(s), 0 error(s), 0 left on base; Richland 2 - Myrtle Beach 8
TOP OF THE 8TH
Richland Rails batting - Pitching for Myrtle Beach Mermen : RHP Kenny Ryan
Pitching: LHP Guus Ketting
Now in CF: Ryan Carr
Now in RF: António Ruíz
Batting: RHB Gustavo Berrios 0-0: Called Strike
0-1: Ball
1-1: Fly out, F8 (Popup, 4MD)
Batting: RHB Jack Davis 0-0: Ground out 4-3 (Groundball, 4M)
Batting: RHB Alexis Smeddon 0-0: Ball
1-0: Ball
2-0: Called Strike
2-1: Ball
3-1: Foul Ball, location: 2F
3-2: Foul Ball, location: 2F
3-2: Base on Balls
Batting: RHB Zach Lewis 0-0: Called Strike
0-1: Ball
1-1: Ball
2-1: Ball
3-1: Foul Ball, location: 2F
3-2: Fly out, F5 (Line Drive, 5)
Top of the 8th over - 0 run(s), 0 hit(s), 0 error(s), 1 left on base; Richland 2 - Myrtle Beach 8
BOTTOM OF THE 8TH
Myrtle Beach Mermen batting - Pitching for Richland Rails : LHP Joe Morris
Batting: SHB Val Brown 0-0: Foul Ball, location: 2F
0-1: Fly out, F3 (Popup, 3F)
Batting: RHB Scott Peterson 0-0: Ball
1-0: Ball
2-0: Fly out, F9 (Flyball, 89M)
Batting: RHB Javier Robles 0-0: Ball
1-0: Called Strike
1-1: Swinging Strike
1-2: Fly out, F8 (Flyball, 8RXD)
Bottom of the 8th over - 0 run(s), 0 hit(s), 0 error(s), 0 left on base; Richland 2 - Myrtle Beach 8
TOP OF THE 9TH
Richland Rails batting - Pitching for Myrtle Beach Mermen : LHP Guus Ketting
Now at C: David Vázquez
Batting: LHB Roberto Madrid 0-0: Ground out 4-3 (Groundball, 4)
Batting: RHB Andrew Hall 0-0: Called Strike
0-1: Called Strike
0-2: Strikes out swinging
Batting: LHB Eduardo Álvarez 0-0: Ball
1-0: Swinging Strike
1-1: Foul Ball, location: 2F
1-2: Fly out, F7 (Flyball, 78M)
Top of the 9th over - 0 run(s), 0 hit(s), 0 error(s), 0 left on base; Richland 2 - Myrtle Beach 8
This league is powered by Out of the Park Baseball, the baseball management simulation game for PC, Mac and Linux
Friday, January 22nd, 2016 - OOTP Baseball 16.9 Build 39